 Dungeon Crawl Stone Soup version 0.31-a0-765-g67fe2935dc (webtiles) character file.

Game seed: 5215588632370737360

105 LeprechaunX the Changeling (level 4, -4/29 HPs)
             Began as an Octopode Shapeshifter on Sept 15, 2023.
             Slain by an orc
             ... wielding a +0 hand axe
              (7 damage)
             ... on level 3 of the Dungeon.
             The game lasted 00:01:31 (1985 turns).

LeprechaunX the Changeling (Octopode Shapeshifter)  Turns: 1985, Time: 00:01:32

Health: -4/29      AC:  1    Str: 15    XL:     4   Next: 81%
Magic:  4/4        EV: 13    Int: 12    God:
Gold:   89         SH:  0    Dex: 11    Spells: 3/3 levels left

rFire   . .          .
                       - Unarmed
rCold   . . .        (no shield)
rNeg    . . .        (helmet currently unavailable)
rPois   .            (no amulet)
rElec   .            (no ring)
rCorr   .            (no ring)
SInv    .            (no ring)
Will    .....        (no ring)
Stlth   ++           (no ring)
HPRegen 0.24/turn    (no ring)
MPRegen 0.09/turn    (no ring)
                     (no ring)

%: no passive effects
@: beast-form
A: beast (slay +2), almost no armour, amphibious, 8 rings, camouflage 1,
gelatinous body 1, (nimble swimmer 1), tentacles
a: Begin Untransformation


You were on level 3 of the Dungeon.
You were a hulking beast.
You visited 1 branch of the dungeon, and saw 3 of its levels.

You collected 89 gold pieces.

Inventory:

Missiles
 d - 4 javelins
Talismans
 b - a beast talisman (active)
 c - a flux talisman
Scrolls
 e - 2 scrolls of blinking {unknown}
 f - a scroll of amnesia {unknown}
 g - a scroll of immolation {unknown}
 h - a scroll of enchant armour {unknown}
 i - a scroll of torment {unknown}
 j - a scroll of identify {unknown}
 k - a scroll of revelation {unknown}
 l - a scroll of fear {unknown}
 m - a scroll of silence {unknown}
 o - a scroll of teleportation {unknown}
Potions
 a - a potion of lignification
 n - a potion of curing {unknown}


   Skills:
 + Level 2.1 Fighting
 + Level 2.7 Dodging
 + Level 3.5 Unarmed Combat
 * Level 3.9 Shapeshifting


You had 3 spell levels left.
You didn't know any spells.
Your spell library contained the following spells:

 Spells                   Type           Power      Damage    Failure   Level
 Apportation              Tloc           0%         N/A       32%         1
 Magic Dart               Conj           0%         1d3       32%         1
 Jinxbite                 Hex            0%         N/A       45%         2
 Searing Ray              Conj           0%         2d4       45%         2
 Fulminant Prism          Conj/Hex       0%         3d5       97%         4
 Alistair's Intoxication  Tmut/Pois      0%         N/A       100%        5


Dungeon Overview and Level Annotations

Branches:
Dungeon (3/15)

Altars:

Annotations:
D:3 2 runed translucent doors, Newt's ghost, amateur DsGl


Innate Abilities, Weirdness & Mutations

You are a hulking beast.
Your limbs bulge with bestial killing power. (Slay +2)
You cannot wear most types of armour.
You are amphibious.
You can wear up to eight rings at the same time.
Your skin changes colour to match your surroundings (Stealth+).
Your rubbery body absorbs attacks. (AC +1, EV +1)
((You are camouflaged when in or above water. (Stealth+)))
You have tentacles for arms and can constrict up to eight enemies at once.


Message History

You are too injured to fight recklessly!
You are too injured to fight recklessly!
You are too injured to fight recklessly!
You are too injured to fight recklessly!
You are too injured to fight recklessly!
You are too injured to fight recklessly!
You are too injured to fight recklessly!
You are too injured to fight recklessly!
You are too injured to fight recklessly!
You are too injured to fight recklessly!
You are too injured to fight recklessly!
Unknown command.
You tentacle-slap the orc wizard. You grab the orc wizard.
The orc wizard is heavily wounded.
You constrict the orc wizard, but do no damage.
The orc wizard struggles to escape constriction.
Unknown command.
You tentacle-slap the orc wizard. You squeeze the orc wizard.
You kill the orc wizard!
The orc barely misses you. The orc misses you.
You tentacle-slap the orc. You grab the orc. You squeeze the orc.
You kill the orc!
The orc hits you with a +0 hand axe. The orc closely misses you.
You closely miss the orc. Your grab misses the orc. You barely miss the orc.
Your grab misses the orc. Your squeeze misses the orc.
The orc hits you with a +0 hand axe.
* * * LOW HITPOINT WARNING * * *
The orc hits you with a +0 whip.
* * * LOW HITPOINT WARNING * * *
You tentacle-slap the orc. You grab the orc.
The orc is heavily wounded.
You constrict the orc. The orc hits you with a +0 hand axe.
* * * LOW HITPOINT WARNING * * *
The orc hits you with a +0 whip.
* * * LOW HITPOINT WARNING * * *
Unknown command.
You barely miss the orc. Your grab misses the orc. You squeeze the orc.
The orc is heavily wounded.
You constrict the orc. The orc hits you with a +0 hand axe!
You die...

.##........>.........##
....#................#
#####.............#..#
....................##
#####...............#####
# ##..............).....
####.....................
#..........####....###.##
........##.# ##h).# .#
........##.#...)oo...# .
...........#..$......# .
........####...........#
........# #............
........# #..........#..
........# #..........##.
........# #..........#
........#


You could see 2 orcs.

Vanquished Creatures
  An orc wizard (D:3)
  2 adders (D:3)
  A worm (D:2)
  2 dart slugs
  5 orcs
  2 endoplasms (D:3)
  A giant cockroach (D:3)
  7 hobgoblins
  5 jackals
  4 kobolds
  3 ball pythons
  6 bats
  4 frilled lizards
  2 goblins (D:2)
  4 rats
49 creatures vanquished.

Notes
Turn   | Place    | Note
-------+----------+-------------------------------------------
     0 | D:1      | LeprechaunX the Octopode Shapeshifter began the quest for
                  | the Orb.
     0 | D:1      | Reached XP level 1. HP: 13/13 MP: 1/1
   256 | D:1      | Reached XP level 2. HP: 16/18 MP: 2/2
  1141 | D:2      | Reached XP level 3. HP: 23/23 MP: 3/3
  1746 | D:3      | Reached XP level 4. HP: 29/29 MP: 4/4
  1765 | D:3      | Found a large runed translucent door.
  1765 | D:3      | Found a large runed translucent door.
  1804 | D:3      | Noticed Newt's ghost (amateur DsGl)
  1985 | D:3      | Slain by an orc

Illustrated notes

Levels and vault maps discovered:
D:1:      lemuel_arrival_room, layout_basic
D:2:      layout_basic
D:3:      layout_rooms, marbit_many_paths, ebering_ghost_disaster_area,
          minmay_misc_feat_rows, nrook_uturn

Skill      XL: |  1  2  3  4 |
---------------+-------------+-----
Fighting       | 2 |  2.1
Dodging        | |  2.7
Unarmed Combat | |  3.5
Shapeshifting  | |  3.9

Action                     |  1- 3 |  4- 6 || total
---------------------------+-------+-------++-------
  Melee: Unarmed           |    71 |    25 ||    96
         Constrict         |    19 |     6 ||    25
         Tentacles         |    15 |     4 ||    19
         Punch             |     2 |       ||     2
   Stab: Sleeping          |     4 |       ||     4
 Armour: Skin              |    46 |    16 ||    62
  Dodge: Dodged            |    62 |    12 ||    74

Table legend: (Time is in decaauts)
 A = Elapsed time spent in this place.
 B = Non-inter-level travel time spent in this place.
 C = Inter-level travel time spent in this place.
 D = Time resting spent in this place.
 E = Time spent auto-exploring this place.
 F = Levels seen in this place.
 G = Mean time per level.
                   A        B        C        D        E       F      G
               +--------+--------+--------+--------+--------+-----+--------+
         Total |   1980 |   1919 |     61 |     45 |   1591 |   3 |  660.0 |
       Dungeon |   1980 |   1919 |     61 |     45 |   1591 |   3 |  660.0 |
               +--------+--------+--------+--------+--------+-----+--------+

Top non-repeatable levels by time:
     D:1: 972 daAuts
     D:2: 665 daAuts
     D:3: 342 daAuts
